 Dungeon Sprint DCSS version 0.17-a0-963-gaa5423c (webtiles) character file.

397848 ahoge the Gargoyle Barricade (level 21, -6/163 HPs)
             Began as a Gargoyle Fighter on May 8, 2015.
             Was a High Priest of Okawaru.
             Killed from afar by an acid blob (11 damage)
             ... with a splash of acid
             ... created by the royal jelly
             ... in the Dungeon (Sprint IX: "|||||||||||||||||||||||||||||").
             The game lasted 01:37:53 (9520 turns).

ahoge the Gargoyle Barricade (Gargoyle Fighter)     Turns: 9520, Time: 01:38:23

Health: -6/163     AC: -48   Str: 26    XL:     21   Next: 44%
Magic:  17/48      EV: 28    Int: 17    God:    Okawaru [*****.]
Gold:   973        SH: 29    Dex: 24    Spells: 0 memorised, 48 levels left

rFire  + + +     SeeInvis .     q - +1 demon whip "Ucvets" {freeze, +Blink rF+ rN+}
rCold  + + .     Clarity  .     S - +1 gold dragon armour
rNeg   + + +     SustAb   .     D - +1 large shield {reflect}
rPois  ∞         Gourm    .     t - +2 hat of Paidieh {rN+}
rElec  +         Spirit   .     K - +1 cloak
rCorr  .         Warding  .     O - +2 pair of gloves {Str+3}
rMut   .         NoTele   +     M - +0 pair of boots {Fly}
MR     +....                    N - amulet of regeneration
Stlth  ..........               U - ring "Qeahongu" {rF+ rN+ Dex+4}
                                V - ring of Fariaree {Fire MP+9 Str+4 Int+4 Dex+4}

@: finesse, corroded equipment, flying, somewhat resistant to hostile
enchantments, extremely unstealthy
A: big wings, slimy green scales 1, clever 1, cold resistance 2, fire resistance
1, negative energy resistance 1, electricity resistance, weak 1, unbreathing,
petrification resistance, rot immunity, AC +15
a: Stop Flying, Heroism, Finesse, Renounce Religion, Evoke Blink
0: Orb of Zot
}: 6/15 runes: decaying, serpentine, barnacled, elven, silver, gossamer


You were in the Dungeon.
You worshipped Okawaru.
Okawaru was extremely pleased with you.
You were not hungry.

You visited 1 branch You collected 1921 gold pieces.
You spent 948 gold pieces at shops.

Inventory:

Hand weapons
 q - the +1 demon whip "Ucvets" (weapon) {freeze, +Blink rF+ rN+}
   (Okawaru gifted it to you in the Dungeon)

   It has been specially enchanted to freeze those struck by it, causing extra
   injury to most foes and up to half again as much damage against particularly
   susceptible opponents.
   It can also slow down cold-blooded creatures.
   It protects you from fire.
   It protects you from negative energy.
   It lets you blink.
 s - the +1 mace of Dishonesty {holy, Int+6 SInv}
   (Okawaru gifted it to you in the Dungeon)

   It has been blessed by the Shining One to cause great damage to the undead
   and demons.
   It affects your intelligence (+6).
   It enhances your eyesight.
 I - the +9 mace "Loteuplo" {crush, rElec}
   (You found it in the Dungeon)

   It inflicts extra damage upon your enemies.
   It insulates you from electricity.
Armour
 a - the -5 shield "Gorphut" {rElec Stlth+}
   (Okawaru gifted it to you in the Dungeon)

   It insulates you from electricity.
   It makes you more stealthy.
 t - the +2 hat of Paidieh (worn) {rN+}
   (Okawaru gifted it to you in the Dungeon)

   It protects you from negative energy.
 D - a +1 large shield of reflection (worn)
 K - a +1 cloak (worn)
 M - a +0 pair of boots of flying (worn)
 O - a +2 pair of gloves of strength (worn)
 S - a +1 gold dragon armour (worn)
Jewellery
 N - an amulet of regeneration (around neck)
 T - the ring of Leaph {rElec MR+ Str-4 Int+4}
   (You found it in the Dungeon)

   [ring of protection from magic]

   It affects your strength (-4).
   It affects your intelligence (+4).
   It insulates you from electricity.
   It affects your resistance to hostile enchantments.
 U - the ring "Qeahongu" (right hand) {rF+ rN+ Dex+4}
   (You found it in the Dungeon)

   [ring of dexterity]

   It affects your dexterity (+4).
   It protects you from fire.
   It protects you from negative energy.
 V - the ring of Fariaree (left hand) {Fire MP+9 Str+4 Int+4 Dex+4}
   (You found it in the Dungeon)

   [ring of fire]

   It enhances your fire magic, and weakens your ice magic.
   It affects your strength (+4).
   It affects your intelligence (+4).
   It affects your dexterity (+4).
   It protects you from fire.
   It makes you vulnerable to cold.
   It affects your magic capacity (+9).
 W - the ring of Fun {rC+ Dex+4 Stlth+}
   (You found it in the Dungeon)

   [ring of protection from cold]

   It affects your dexterity (+4).
   It protects you from cold.
   It makes you more stealthy.
 X - the ring "Vopluat" {-Tele rPois rN+ Str+3}
   (You found it in the Dungeon)

   [ring of strength]

   It affects your strength (+3).
   It protects you from poison.
   It protects you from negative energy.
   It prevents most forms of teleportation.
Magical devices
 l - a wand of polymorph (9)
 p - a wand of fire (7)
 C - a wand of fireball (7)
 G - a wand of enslavement (1)
 J - a wand of teleportation (2)
 P - a wand of confusion (29)
 Z - a wand of hasting (5)
Scrolls
 c - a scroll of fog
 k - 3 scrolls of blinking
 n - 7 scrolls of remove curse
 o - 2 scrolls of amnesia
 r - 2 scrolls of fear
 v - 5 scrolls of recharging
 w - 4 scrolls of enchant weapon
 y - 5 scrolls of identify
Potions
 b - 5 potions of agility
 d - 3 potions of might
 f - 11 potions of curing
 g - 6 potions of heal wounds
 h - 5 potions of haste
 i - 9 potions of magic
 j - 6 potions of berserk rage
 m - 2 potions of invisibility
 u - a potion of cure mutation
 x - 5 potions of brilliance
 E - a potion of resistance
 F - 2 potions of lignification
 H - a potion of degeneration
Books
 Q - a book of Maledictions

   Spells                             Type                      Level
   a - Corona                         Hexes                        1
   b - Ensorcelled Hibernation        Hexes/Ice                    2
   c - Confuse                        Hexes                        3
   d - Tukima's Dance                 Hexes                        3
   e - Dazzling Spray                 Conjuration/Hexes            3
 R - a book of Party Tricks

   Spells                             Type                      Level
   a - Summon Butterflies             Summoning                    1
   b - Apportation                    Translocation                1
   c - Tukima's Dance                 Hexes                        3
   d - Alistair's Intoxication        Transmutation/Poison         4
   e - Invisibility                   Hexes                        6
Comestibles
 e - 10 bread rations
 z - 40 fruits
 A - 13 meat rations


   Skills:
 O Level 27 Fighting
 O Level 27 Maces & Flails
 + Level 15.4 Throwing
 O Level 27 Armour
 O Level 27 Dodging
 + Level 18.1 Stealth
 O Level 27 Shields
 + Level 15.1 Unarmed Combat
 + Level 14.1 Spellcasting
 O Level 27 Invocations
 + Level 14.0 Evocations


You had 48 spell levels left.
You didn't know any spells.

Dungeon Overview and Level Annotations

Branches:
Dungeon (1/1)

Altars:
Cheibriados
Dithmenos
Elyvilon
Fedhas
Gozag
Kikubaaqudgha
Makhleb
Nemelex Xobeh
Okawaru
Qazlal
Ru
Sif Muna
Trog
Vehumet
Xom
Yredelemnul
Zin
The Shining One
Beogh
Jiyva
Lugonu

Shops:
D !!::

Annotations:
D Royal Jelly


Innate Abilities, Weirdness & Mutations

You are resistant to torment.
Your stone body is resilient (AC +15).
You are immune to poison.
Your large and strong wings let you fly indefinitely.
You resist negative energy.
You are resistant to electric shocks.
You can survive without breathing.
You are immune to petrification.
You are immune to rotting.
You are partially covered in slimy green scales (AC +2).
Your mind is acute. (Int +2)
Your flesh is very cold resistant.
Your flesh is heat resistant.
You are weak. (Str -2)


Message History

The acid blob is heavily wounded.
The acid blob spits acid at you. The splash of acid hits you!
* * * LOW HITPOINT WARNING * * *
The acid corrodes your equipment!
The acid burns!
* * * LOW HITPOINT WARNING * * *
You feel like a meek peon again. The acid blob spits acid at you.
The splash of acid hits you!
* * * LOW HITPOINT WARNING * * *
The acid corrodes your equipment!
The acid burns!
* * * LOW HITPOINT WARNING * * *
The acid blob spits acid at you. The splash of acid hits you!
* * * LOW HITPOINT WARNING * * *
The acid corrodes your equipment!
The acid burns!
* * * LOW HITPOINT WARNING * * *
The acid blob spits acid at you. The splash of acid hits you!
You die...

)▓.▓.▓.▓)▓.▓.▓.♣'♣
)▓.▓.▓.▓.▓.▓.▓.▓.▓
)▓.▓.▓.▓[▓.▓.▓.▓J▓
)▓.▓.▓.▓[▓.▓.▓.▓J▓
)▓.▓.▓.▓[▓.▓.▓.▓J▓
)▓.▓.▓.▓=▓.▓.▓.▓J▓
.▓.▓.▓.▓(▓.▓)▓.▓.▓
.▓.▓.▓.▓)▓.▓.▓.▓.▓
.▓.▓'▓.▓)▓.▓.▓.▓@▓
.▓.▓.▓.▓)▓.▓.▓.▓.▓
.▓.▓.▓.▓=▓.▓.▓.▓.▓
.▓.▓.▓.▓)▓.▓.▓.▓.▓
.▓.▓.▓.▓'▓.▓.▓.▓[▓
.▓.▓.▓.▓.▓.▓.▓.▓.▓
.▓.▓.▓.▓.▓.▓.▓.▓.▓
.▓...▓...▓...▓...▓
▓▓▓▓▓▓▓▓▓▓▓▓▓▓▓▓▓▓


You could see 3 acid blobs and an azure jelly.

Vanquished Creatures
  3 ancient liches (D)
  2 orbs of fire (D)
  Mara (D)
  Mennas (D)
  Boris (D)
  Frederick (D)
  Margery (D)
  Norris (D)
  A Killer Klown (D)
  A curse toe (D)
  3 azure jellies (D)
  Nikola (D)
  Jory (D)
  3 golden dragons (D)
  Xtahua (D)
  2 bone dragons (D)
  2 electric golems (D)
  4 liches (D)
  4 tentacled monstrosities (D)
  26 Orb Guardians (D)
  A titan (D)
  2 deep elf blademasters (D)
  A quicksilver dragon (D)
  7 acid blobs (D)
  An Executioner (D)
  A deep elf master archer (D)
  3 sphinxes (D)
  A tengu reaver (D)
  7 shadow dragons (D)
  5 storm dragons (D)
  7 greater nagas (D)
  A draconian monk (D)
  Ilsuiw (D)
  Wiglaf (D)
  2 frost giants (D)
  4 ghost moths (D)
  3 deep elf sorcerers (D)
  2 emperor scorpions (D)
  A draconian scorcher (D)
  Louise (D)
  A balrug (D)
  An orc warlord (D)
  A draconian zealot (D)
  2 small abominations (D)
  4 stone giants (D)
  An ironheart preserver (D)
  A reaper (D)
  2 very ugly things (D)
  3 black draconians (D)
  2 green draconians (D)
  A purple draconian (D)
  7 vampire knights (D)
  A mottled draconian (D)
  3 deep elf annihilators (D)
  6 white draconians (D)
  3 red draconians (D)
  A lorocyproca (D)
  3 yellow draconians (D)
  2 ettins (D)
  3 fire dragons (D)
  25 vault guards (D)
  4 merfolk impalers (D)
  3 merfolk javelineers (D)
  Erolcha (D)
  4 deep elf death magi (D)
  A yaktaur captain (D)
  9 ice dragons (D)
  2 deep elf high priests (D)
  A death ooze (D)
  5 ogre magi (D)
  2 ghost crabs (D)
  2 great orbs of eyes (D)
  A naga warrior (D)
  2 centaur warriors (D)
  8 hydras (D)
  A death cob (D)
  Erica (D)
  3 merfolk aquamancers (D)
  An anaconda (D)
  A salamander stormcaller (D)
  An alligator (D)
  A deep troll shaman (D)
  A merfolk avatar (D)
  A satyr (D)
  A naga sharpshooter (D)
  Urug (D)
  A shock serpent (D)
  A deep elf knight (D)
  A fire crab (D)
  A sun demon (D)
  5 hell knights (D)
  7 swamp dragons (D)
  A naga ritualist (D)
  A flayed ghost (D)
  3 necromancers (D)
  2 unseen horrors (D)
  A shambling mangrove (D)
  2 ironbrand convokers (D)
  6 orc knights (D)
  2 hornets (D)
  2 hill giants (D)
  6 wolf spiders (D)
  13 moths of wrath (D)
  2 griffons (D)
  2 guardian serpents (D)
  A water nymph (D)
  An elephant (D)
  A salamander (D)
  2 naga magi (D)
  A cyclops (D)
  2 manticores (D)
  A sixfirhy (D)
  3 spiny frogs (D)
  Psyche (D)
  2 gargoyles (D)
  3 black mambas (D)
  4 demonic crawlers (D)
  3 vault sentinels (D)
  A hellwing (D)
  A green draconian zombie (D)
  A komodo dragon (D)
  5 yaktaurs (D)
  A red devil (D)
  9 two-headed ogres (D)
  4 merfolk (D)
  3 jumping spiders (D)
  A raven (D)
  A giant leech (D)
  A moth of wrath zombie (D)
  A bog body (D)
  2 blink frogs (D)
  2 shadows (D)
  4 boulder beetles (D)
  A snapping turtle (D)
  2 slime creatures (D)
  A trapdoor spider (shapeshifter) (D)
  2 redbacks (D)
  11 spriggans (D)
  A vampire mosquito (D)
  A tarantella (D)
  2 deep elf fighters (D)
  A wyvern (D)
  A water moccasin (D)
  11 orc warriors (D)
  2 ogres (D)
  4 crocodiles (D)
  An eye of draining (D)
  2 centaurs (D)
  5 giant frogs (D)
  5 orc priests (D)
  6 orc wizards (D)
  2 crimson imps (D)
  A hound (D)
  A jelly (D)
  An iguana (D)
  4 river rats (D)
  A giant eyeball (D)
  An adder skeleton (D)
  4 orcs (D)
  A ball python (D)
  A bat (D)
  A bat zombie (D)
  A giant cockroach (D)
  A hobgoblin (D)
  A kobold (D)
  A quokka (D)
  4 rats (D)
  A spectral giant cockroach (D)
  2 spectral giant geckos (D)
  A ballistomycete (D)
  2 crawling corpses (D)
455 creatures vanquished.

Vanquished Creatures (others)
  A merfolk javelineer (D)
  2 ogre magi (D)
  A death cob (D)
  A hydra (D)
  An ice dragon (D)
  A naga sharpshooter (D)
  A swamp dragon (D)
  An ironbrand convoker (D)
  An orc knight (D)
  A spiny frog (D)
  A yaktaur (D)
  A troll (shapeshifter) (D)
  An insubstantial wisp (D)
  2 nagas (D)
  3 lost souls (D)
  A giant spore (D)
20 creatures vanquished.

Grand Total: 475 creatures vanquished

Notes
Turn   | Place    | Note
--------------------------------------------------------------
     0 | D        | ahoge, the Gargoyle Fighter, began the quest for the Orb.
     0 | D        | Reached XP level 1. HP: 14/14 MP: 1/1
    12 | D        | Reached skill level 4 in Shields
    23 | D        | Noticed a hound
    24 | D        | Reached XP level 2. HP: 16/20 MP: 2/2
    52 | D        | Killed a hound
    52 | D        | Reached skill level 5 in Armour
    52 | D        | Reached skill level 1 in Dodging
    52 | D        | Reached skill level 5 in Shields
    52 | D        | Reached XP level 3. HP: 3/25 MP: 3/3
    62 | D        | Found a glowing silver altar of Zin.
    62 | D        | Found a glowing golden altar of the Shining One.
    62 | D        | Found an ancient bone altar of Kikubaaqudgha.
    62 | D        | Found a basalt altar of Yredelemnul.
    62 | D        | Found a shimmering altar of Xom.
    62 | D        | Found a radiant altar of Vehumet.
    63 | D        | Found an iron altar of Okawaru.
    64 | D        | Found a burning altar of Makhleb.
    65 | D        | Found a deep blue altar of Sif Muna.
    66 | D        | Found a bloodstained altar of Trog.
    67 | D        | Found a sparkling altar of Nemelex Xobeh.
    68 | D        | Found a white marble altar of Elyvilon.
    69 | D        | Found a roughly hewn altar of Beogh.
    70 | D        | Found a viscous altar of Jiyva.
    71 | D        | Became a worshipper of Warmaster Okawaru
    72 | D        | Found a corrupted altar of Lugonu.
    73 | D        | Found a blossoming altar of Fedhas.
    74 | D        | Found a snail-covered altar of Cheibriados.
    75 | D        | Found a shadowy altar of Dithmenos.
    76 | D        | Found a stormy altar of Qazlal.
    77 | D        | Found an opulent altar of Gozag.
    78 | D        | Found a sacrificial altar of Ru.
   327 | D        | Noticed a crocodile
   327 | D        | Noticed a hill giant
   327 | D        | Noticed a crimson imp
   327 | D        | Noticed a wyvern
   335 | D        | Killed a hill giant
   335 | D        | Acquired Okawaru's first power
   335 | D        | Reached skill level 8 in Fighting
   335 | D        | Reached skill level 1 in Stealth
   335 | D        | Reached skill level 9 in Shields
   335 | D        | Reached XP level 4. HP: 22/35 MP: 4/4
   335 | D        | Reached XP level 5. HP: 24/39 MP: 5/5
   335 | D        | Reached XP level 6. HP: 27/44 MP: 6/6
   335 | D        | Reached XP level 7. HP: 30/49 MP: 7/7
   336 | D        | Killed a wyvern
   336 | D        | Reached skill level 5 in Maces & Flails
   336 | D        | Reached skill level 5 in Dodging
   341 | D        | Killed a crocodile
   342 | D        | Killed a crimson imp
   474 | D        | Noticed a jelly
   474 | D        | Noticed a two-headed ogre
   474 | D        | Noticed a manticore
   474 | D        | Noticed a gargoyle
   474 | D        | Noticed a centaur warrior
   480 | D        | Killed a centaur warrior
   480 | D        | Acquired Okawaru's second power
   480 | D        | Reached skill level 10 in Fighting
   480 | D        | Reached skill level 10 in Armour
   480 | D        | Reached skill level 10 in Shields
   480 | D        | Reached XP level 8. HP: 55/57 MP: 5/8
   486 | D        | Killed a gargoyle
   486 | D        | Reached skill level 11 in Shields
   492 | D        | Killed a manticore
   492 | D        | Reached XP level 9. HP: 39/63 MP: 6/9
   498 | D        | Killed a two-headed ogre
   499 | D        | Killed a jelly
   624 | D        | Noticed a giant frog
   624 | D        | Noticed an iguana
   624 | D        | Noticed a seven-headed hydra
   624 | D        | Noticed a crocodile
   636 | D        | Killed a crocodile
   636 | D        | Reached skill level 1 in Invocations
   643 | D        | Killed a seven-headed hydra
   643 | D        | Reached skill level 12 in Shields
   650 | D        | Killed an iguana
   653 | D        | Killed a giant frog
   655 | D        | Noticed a crocodile
   666 | D        | Killed a crocodile
   686 | D        | Noticed a four-headed hydra
   686 | D        | Noticed an elephant
   686 | D        | Noticed a crocodile
   686 | D        | Noticed an eight-headed hydra
   686 | D        | Noticed a water moccasin
   686 | D        | Noticed a spiny frog
   689 | D        | Noticed a black mamba
   693 | D        | Killed a spiny frog
   693 | D        | Received a gift from Okawaru
   693 | D        | Reached XP level 10. HP: 42/70 MP: 0/12
   694 | D        | Noticed a spiny frog
   697 | D        | Killed an eight-headed hydra
   703 | D        | Killed a water moccasin
   705 | D        | Killed a crocodile
   711 | D        | Noticed a komodo dragon
   714 | D        | Killed an elephant
   714 | D        | Reached skill level 10 in Maces & Flails
   714 | D        | Reached skill level 13 in Shields
   714 | D        | Reached skill level 5 in Invocations
   723 | D        | Killed a four-headed hydra
   730 | D        | Killed a black mamba
   730 | D        | Received a gift from Okawaru
   734 | D        | Killed a spiny frog
   743 | D        | Killed a komodo dragon
   887 | D        | Noticed a blink frog
   887 | D        | Noticed a spiny frog
   887 | D        | Noticed a vampire mosquito
   887 | D        | Noticed a blink frog
   887 | D        | Noticed a giant frog
   889 | D        | Noticed a giant frog
   891 | D        | Killed a giant frog
   898 | D        | Noticed a giant frog
   899 | D        | Killed a vampire mosquito
   907 | D        | Killed a spiny frog
   907 | D        | Reached XP level 11. HP: 63/76 MP: 8/15
   908 | D        | Killed a blink frog
   910 | D        | Killed a blink frog
   913 | D        | Killed a giant frog
   914 | D        | Killed a giant frog
   924 | D        | Noticed a giant leech
   946 | D        | Killed a giant leech
   946 | D        | Reached skill level 10 in Dodging
  1207 | D        | Noticed Psyche
  1215 | D        | Killed Psyche
  1254 | D        | Noticed an orc wizard
  1254 | D        | Noticed an orc wizard
  1254 | D        | Noticed an orc priest
  1254 | D        | Noticed an orc warrior
  1257 | D        | Noticed an orc wizard
  1261 | D        | Killed an orc warrior
  1262 | D        | Noticed an orc priest
  1269 | D        | Killed an orc priest
  1270 | D        | Killed an orc wizard
  1271 | D        | Noticed an orc priest
  1272 | D        | Noticed an orc warrior
  1279 | D        | Killed an orc wizard
  1282 | D        | Killed an orc wizard
  1283 | D        | Noticed an orc priest
  1288 | D        | Noticed an orc wizard
  1289 | D        | Killed an orc priest
  1295 | D        | Killed an orc warrior
  1297 | D        | Killed an orc priest
  1301 | D        | Killed an orc priest
  1306 | D        | Killed an orc wizard
  1471 | D        | Noticed an orc warrior
  1471 | D        | Noticed an orc warrior
  1471 | D        | Noticed an orc warrior
  1471 | D        | Noticed an orc wizard
  1471 | D        | Noticed an orc warrior
  1471 | D        | Noticed an orc wizard
  1472 | D        | Noticed an orc warrior
  1474 | D        | Killed an orc wizard
  1475 | D        | Noticed an orc warrior
  1477 | D        | Killed an orc warrior
  1486 | D        | Noticed an orc warrior
  1489 | D        | Killed an orc wizard
  1490 | D        | Noticed an orc priest
  1496 | D        | Killed an orc warrior
  1500 | D        | Killed an orc warrior
  1501 | D        | Noticed an orc knight
  1505 | D        | Killed an orc warrior
  1505 | D        | Reached skill level 14 in Shields
  1507 | D        | Killed an orc warrior
  1508 | D        | Noticed an orc warrior
  1511 | D        | Killed an orc warrior
  1513 | D        | Killed an orc warrior
  1524 | D        | Killed an orc knight
  1524 | D        | Received a gift from Okawaru
  1528 | D        | Killed an orc priest
  1533 | D        | Killed an orc warrior
  1583 | D        | Found Rilacut's Book Boutique.
  1583 | D        | Noticed a two-headed ogre
  1583 | D        | Noticed an ogre mage
  1583 | D        | Noticed a two-headed ogre
  1583 | D        | Noticed an ogre mage
  1583 | D        | Noticed an ogre
  1584 | D        | Noticed an ogre
  1612 | D        | Paralysed by an ogre mage for 4 turns
  1621 | D        | Killed an ogre mage
  1627 | D        | Killed an ogre mage
  1630 | D        | Killed a two-headed ogre
  1631 | D        | Killed an ogre
  1729 | D        | Killed a two-headed ogre
  1752 | D        | Found Pirid Hete's Book Shop.
  1754 | D        | Noticed a two-headed ogre
  1756 | D        | Noticed a two-headed ogre
  1757 | D        | Found Sanoufow's Distillery.
  1760 | D        | Killed a two-headed ogre
  1761 | D        | Noticed a two-headed ogre
  1762 | D        | Found Kafog's Distillery.
  1762 | D        | Noticed a two-headed ogre
  1764 | D        | Killed a two-headed ogre
  1767 | D        | Killed an ogre
  1768 | D        | Noticed a two-headed ogre
  1770 | D        | Noticed a two-headed ogre
  1773 | D        | Killed a two-headed ogre
  1774 | D        | Noticed an ogre mage
  1779 | D        | Killed a two-headed ogre
  1785 | D        | Killed a two-headed ogre
  1790 | D        | Killed a two-headed ogre
  1797 | D        | Killed an ogre mage
  1797 | D        | Reached skill level 10 in Invocations
  1797 | D        | Reached XP level 12. HP: 58/85 MP: 15/19
  1858 | D        | Bought a potion of heal wounds for 60 gold pieces
  1858 | D        | Bought a potion of magic for 96 gold pieces
  1858 | D        | Bought a potion of agility for 48 gold pieces
  1858 | D        | Bought a potion of heal wounds for 60 gold pieces
  1858 | D        | Bought a potion of heal wounds for 60 gold pieces
  1858 | D        | Bought a potion of heal wounds for 60 gold pieces
  1860 | D        | Bought a potion of might for 48 gold pieces
  1860 | D        | Bought 2 potions of agility for 96 gold pieces
  1860 | D        | Bought a potion of berserk rage for 60 gold pieces
  1860 | D        | Bought a potion of might for 48 gold pieces
  1860 | D        | Bought a potion of curing for 36 gold pieces
  1860 | D        | Bought a potion of invisibility for 96 gold pieces
  1860 | D        | Bought a potion of heal wounds for 60 gold pieces
  1860 | D        | Bought a potion of resistance for 120 gold pieces
  1880 | D        | Noticed Urug
  1895 | D        | Killed Urug
  1933 | D        | Noticed Erolcha
  1941 | D        | Paralysed by Erolcha for 2 turns
  1946 | D        | Killed Erolcha
  2006 | D        | Got the +9 mace "Loteuplo" {crush, rElec}
  2089 | D        | Noticed a hill giant
  2089 | D        | Noticed a giant frog
  2089 | D        | Noticed a deep elf fighter
  2089 | D        | Noticed a crimson imp
  2094 | D        | Noticed a shadow
  2094 | D        | Killed a crimson imp
  2094 | D        | Reached skill level 15 in Shields
  2095 | D        | Noticed a stone giant
  2099 | D        | Killed a deep elf fighter
  2104 | D        | Killed an unseen horror
  2106 | D        | Noticed an ogre mage
  2112 | D        | Killed a hill giant
  2119 | D        | Killed a stone giant
  2122 | D        | Killed a giant frog
  2124 | D        | Noticed a tengu reaver
  2127 | D        | Killed a shadow
  2128 | D        | Noticed an ettin
  2129 | D        | Noticed a necromancer
  2132 | D        | Noticed a centaur warrior
  2133 | D        | Noticed a fire crab
  2150 | D        | Killed a tengu reaver
  2150 | D        | Received a gift from Okawaru
  2150 | D        | Reached skill level 15 in Maces & Flails
  2194 | D        | Killed an ettin
  2198 | D        | Killed a necromancer
  2202 | D        | Killed an ogre mage
  2208 | D        | a fire crab changed into a trapdoor spider
  2210 | D        | Killed a centaur warrior
  2210 | D        | Reached skill level 15 in Fighting
  2215 | D        | Reached skill level 16 in Shields
  2231 | D        | Got a brightly glowing mace {god gift}
  2247 | D        | Identified the +1 mace of Dishonesty {holy, Int+6 SInv} (Okawaru gifted it to you in the Dungeon)
  2279 | D        | Noticed Wiglaf
  2301 | D        | Killed Wiglaf
  2301 | D        | Reached XP level 13. HP: 85/92 MP: 14/22
  2368 | D        | Noticed a redback
  2368 | D        | Noticed a hornet
  2368 | D        | Noticed a tarantella
  2368 | D        | Noticed a demonic crawler
  2368 | D        | Noticed a wolf spider
  2368 | D        | Noticed a demonic crawler
  2372 | D        | Noticed a demonic crawler
  2378 | D        | Killed a demonic crawler
  2384 | D        | Killed a wolf spider
  2385 | D        | Noticed a wolf spider
  2386 | D        | Noticed a wolf spider
  2390 | D        | Killed a demonic crawler
  2392 | D        | Killed a tarantella
  2397 | D        | Killed a hornet
  2399 | D        | Killed a redback
  2410 | D        | Killed a demonic crawler
  2414 | D        | Killed a wolf spider
  2418 | D        | Killed a wolf spider
  2444 | D        | Noticed a naga mage
  2444 | D        | Noticed an anaconda
  2444 | D        | Noticed a salamander
  2444 | D        | Noticed a black mamba
  2444 | D        | Noticed a black mamba
  2444 | D        | Noticed a naga sharpshooter
  2445 | D        | Noticed a naga ritualist
  2451 | D        | Killed a naga sharpshooter
  2451 | D        | Received a gift from Okawaru
  2452 | D        | Noticed a naga sharpshooter
  2456 | D        | Killed a black mamba
  2461 | D        | Noticed a shock serpent
  2465 | D        | Killed a black mamba
  2472 | D        | Killed a salamander
  2472 | D        | Reached skill level 17 in Shields
  2479 | D        | Killed an anaconda
  2492 | D        | Killed a naga sharpshooter
  2499 | D        | Killed a naga ritualist
  2507 | D        | Killed a naga mage
  2520 | D        | Killed a shock serpent
  2667 | D        | Noticed an alligator
  2667 | D        | Noticed a shambling mangrove
  2667 | D        | Noticed a spiny frog
  2667 | D        | Noticed an eight-headed hydra
  2667 | D        | Noticed a ghost crab
  2667 | D        | Noticed an insubstantial wisp
  2670 | D        | Killed an insubstantial wisp
  2671 | D        | Noticed a hornet
  2675 | D        | Noticed a swamp dragon
  2675 | D        | Killed a ghost crab
  2677 | D        | Killed an eight-headed hydra
  2678 | D        | Noticed a bog body
  2678 | D        | Killed a spiny frog
  2686 | D        | Killed a shambling mangrove
  2693 | D        | Killed an alligator
  2697 | D        | Killed a hornet
  2697 | D        | Reached skill level 18 in Shields
  2705 | D        | Killed a swamp dragon
  2710 | D        | Killed a bog body
  2801 | D        | Noticed a griffon
  2801 | D        | Noticed a merfolk
  2801 | D        | Noticed a merfolk aquamancer
  2801 | D        | Noticed a manticore
  2801 | D        | Noticed a snapping turtle
  2801 | D        | Noticed a merfolk
  2804 | D        | Noticed a water nymph
  2810 | D        | Killed a merfolk
  2811 | D        | Noticed a merfolk
  2819 | D        | Killed a snapping turtle
  2820 | D        | Noticed a satyr
  2824 | D        | Killed a manticore
  2832 | D        | Killed a merfolk aquamancer
  2840 | D        | Killed a merfolk
  2844 | D        | Killed a griffon
  2854 | D        | Killed a water nymph
  2865 | D        | Killed a merfolk
  2869 | D        | Killed a satyr
  3001 | D        | Noticed Erica
  3014 | D        | Killed Erica
  3083 | D        | Noticed a brown very ugly thing
  3083 | D        | Noticed a fire dragon
  3083 | D        | Noticed a great orb of eyes
  3083 | D        | Noticed a great orb of eyes
  3083 | D        | Noticed a slime creature
  3083 | D        | Noticed a fire dragon
  3095 | D        | Noticed a frost giant
  3104 | D        | Killed a fire dragon
  3109 | D        | Noticed a deep elf death mage
  3123 | D        | Killed a brown very ugly thing
  3129 | D        | Killed a slime creature
  3131 | D        | Noticed a stone giant
  3135 | D        | Killed a ghostly slime creature
  3135 | D        | Reached skill level 19 in Shields
  3135 | D        | Gained mutation: Your large and strong wings let you fly indefinitely. [Gargoyle growth]
  3135 | D        | Reached XP level 14. HP: 78/100 MP: 24/24
  3139 | D        | HP: 3/100 [disintegration (42)]
  3144 | D        | Paralysed by a great orb of eyes for 5 turns
  3145 | D        | Noticed a frost giant
  3157 | D        | Killed a great orb of eyes
  3159 | D        | Paralysed by a great orb of eyes for 3 turns
  3172 | D        | Killed a great orb of eyes
  3172 | D        | Received a gift from Okawaru
  3200 | D        | Killed a fire dragon
  3203 | D        | Noticed a sphinx
  3213 | D        | Killed a frost giant
  3226 | D        | Killed a deep elf death mage
  3235 | D        | Killed a ghostly deep elf death mage
  3248 | D        | Noticed a tentacled monstrosity
  3253 | D        | Killed a stone giant
  3276 | D        | Killed a tentacled monstrosity
  3276 | D        | Received a gift from Okawaru
  3280 | D        | Killed a frost giant
  3286 | D        | Killed a sphinx
  3287 | D        | Noticed an ettin
  3290 | D        | Noticed a cyan very ugly thing
  3298 | D        | Killed an ettin
  3299 | D        | Noticed a yaktaur
  3305 | D        | Killed a cyan very ugly thing
  3305 | D        | Reached skill level 20 in Shields
  3306 | D        | Noticed a deep troll shaman
  3307 | D        | Noticed a stone giant
  3308 | D        | Noticed a yaktaur
  3311 | D        | Killed a yaktaur
  3317 | D        | Killed a deep troll shaman
  3330 | D        | Killed a stone giant
  3337 | D        | Killed a yaktaur
  3510 | D        | Noticed an orc knight
  3510 | D        | Noticed a wolf spider
  3510 | D        | Noticed an ironbrand convoker
  3510 | D        | Noticed an orc knight
  3510 | D        | Noticed a boulder beetle
  3510 | D        | Noticed a boulder beetle
  3523 | D        | Killed a boulder beetle
  3539 | D        | Killed a boulder beetle
  3540 | D        | Noticed a boulder beetle
  3548 | D        | Killed an orc knight
  3549 | D        | Noticed a yaktaur captain
  3553 | D        | Noticed an orc knight
  3553 | D        | Killed an ironbrand convoker
  3558 | D        | Noticed a yaktaur
  3558 | D        | Killed a wolf spider
  3560 | D        | Noticed a troll
  3560 | D        | Killed an orc knight
  3564 | D        | Noticed an ogre mage
  3568 | D        | Killed a boulder beetle
  3569 | D        | Noticed a salamander stormcaller
  3573 | D        | Killed a yaktaur captain
  3579 | D        | Killed an orc knight
  3580 | D        | Killed a troll
  3580 | D        | Killed a yaktaur
  3583 | D        | Killed an ogre mage
  3585 | D        | Noticed an orc knight
  3586 | D        | Noticed a stone giant
  3595 | D        | Killed a salamander stormcaller
  3599 | D        | Noticed an ironbrand convoker
  3605 | D        | Noticed a vault sentinel
  3612 | D        | Killed a stone giant
  3613 | D        | Noticed a griffon
  3618 | D        | Noticed an ogre mage
  3619 | D        | Killed an orc knight
  3620 | D        | Noticed an ironbrand convoker
  3621 | D        | Noticed an Orb Guardian
  3621 | D        | Noticed a death cob
  3621 | D        | Noticed a sphinx
  3624 | D        | Noticed a boulder beetle
  3633 | D        | Killed an Orb Guardian
  3633 | D        | Received a gift from Okawaru
  3633 | D        | Reached skill level 15 in Invocations
  3637 | D        | Killed an ironbrand convoker
  3637 | D        | Reached XP level 15. HP: 47/110 MP: 26/26
  3640 | D        | Killed an ironbrand convoker
  3644 | D        | Killed a sphinx
  3644 | D        | Killed an ogre mage
  3653 | D        | Killed a vault sentinel
  3659 | D        | Killed a griffon
  3665 | D        | Killed a death cob
  3678 | D        | Killed a boulder beetle
  3726 | D        | Gained mutation: You are partially covered in slimy green scales (AC +2). [mutagenic meat]
  3727 | D        | Gained mutation: You possess an exceptional clarity of mind. [mutagenic meat]
  3940 | D        | Noticed Norris
  3942 | D        | Noticed Mennas
  3961 | D        | Killed Norris
  3961 | D        | Reached skill level 21 in Shields
  4037 | D        | Killed Mennas
  4051 | D        | Noticed Xtahua
  4078 | D        | Killed Xtahua
  4464 | D        | Noticed Nikola
  4478 | D        | Killed Nikola
  4478 | D        | Reached skill level 22 in Shields
  4537 | D        | Noticed Jory
  4600 | D        | Killed Jory
  4626 | D        | Noticed a greater naga
  4626 | D        | Noticed a greater naga
  4626 | D        | Noticed a naga
  4626 | D        | Noticed a naga
  4626 | D        | Noticed a guardian serpent
  4626 | D        | Noticed a greater naga
  4632 | D        | Killed a greater naga
  4633 | D        | Noticed a naga warrior
  4639 | D        | Noticed a greater naga
  4640 | D        | Killed a guardian serpent
  4641 | D        | Noticed a greater naga
  4642 | D        | Killed a naga
  4647 | D        | Noticed a greater naga
  4649 | D        | Killed a greater naga
  4649 | D        | Reached skill level 15 in Dodging
  4650 | D        | Killed a naga
  4651 | D        | Noticed a greater naga
  4657 | D        | Killed a greater naga
  4658 | D        | Noticed a naga mage
  4666 | D        | Killed a greater naga
  4666 | D        | Received a gift from Okawaru
  4668 | D        | Noticed a guardian serpent
  4676 | D        | Killed a greater naga
  4691 | D        | Killed a greater naga
  4698 | D        | Killed a greater naga
  4711 | D        | Killed a naga warrior
  4711 | D        | Reached XP level 16. HP: 71/120 MP: 28/28
  4714 | D        | Killed a naga mage
  4716 | D        | Killed a guardian serpent
  4716 | D        | Reached skill level 23 in Shields
  4721 | D        | Got a serpentine rune of Zot
  4798 | D        | Noticed a jumping spider
  4798 | D        | Noticed an emperor scorpion
  4798 | D        | Noticed a jumping spider
  4798 | D        | Noticed a redback
  4805 | D        | Killed a redback
  4806 | D        | Noticed a wolf spider
  4813 | D        | Killed a jumping spider
  4816 | D        | Killed a jumping spider
  4828 | D        | Killed a ghost moth
  4858 | D        | Killed an emperor scorpion
  4866 | D        | Killed a ghost moth
  4876 | D        | Killed a ghost moth
  4879 | D        | Killed a wolf spider
  4891 | D        | Gained mutation: Your flesh is heat resistant. [mutagenic meat]
  4892 | D        | Gained mutation: You are mostly covered in slimy green scales (AC +3). [mutagenic meat]
  4894 | D        | Gained mutation: Your mind is acute. (Int +2) [mutagenic meat]
  4895 | D        | Gained mutation: Your body sometimes deteriorates upon taking damage. [mutagenic meat]
  4896 | D        | Lost mutation: Your body sometimes deteriorates upon taking damage. [mutagenic meat]
  4898 | D        | Lost mutation: You possess an exceptional clarity of mind. [mutagenic meat]
  4899 | D        | Gained mutation: Your flesh is cold resistant. [mutagenic meat]
  4900 | D        | Gained mutation: Your flesh is very cold resistant. [mutagenic meat]
  4905 | D        | Noticed a demonic crawler
  4906 | D        | Noticed a jumping spider
  4907 | D        | Noticed a moth of wrath
  4914 | D        | Killed a demonic crawler
  4915 | D        | Noticed an emperor scorpion
  4919 | D        | Killed a moth of wrath
  4924 | D        | Killed a jumping spider
  4949 | D        | Killed an emperor scorpion
  4956 | D        | Killed a ghost moth
  4958 | D        | Got a gossamer rune of Zot
  4967 | D        | Noticed a swamp dragon
  4967 | D        | Noticed a swamp dragon
  4967 | D        | Noticed a four-headed hydra
  4967 | D        | Noticed a five-headed hydra
  4967 | D        | Noticed a swamp dragon
  4967 | D        | Noticed a swamp dragon
  4972 | D        | Killed a swamp dragon
  4973 | D        | Noticed a ghost crab
  4979 | D        | Killed a swamp dragon
  4982 | D        | Killed a five-headed hydra
  4982 | D        | Received a gift from Okawaru
  4982 | D        | Killed a four-headed hydra
  4985 | D        | Noticed a swamp dragon
  4986 | D        | Killed a swamp dragon
  4987 | D        | Noticed a swamp dragon
  4993 | D        | Killed a swamp dragon
  4999 | D        | Killed a ghost crab
  5000 | D        | Noticed a swamp dragon
  5003 | D        | Noticed a four-headed hydra
  5006 | D        | Killed a swamp dragon
  5008 | D        | Killed a swamp dragon
  5009 | D        | Noticed a six-headed hydra
  5011 | D        | Noticed a six-headed hydra
  5014 | D        | Killed a swamp dragon
  5017 | D        | Killed a four-headed hydra
  5025 | D        | Killed a six-headed hydra
  5033 | D        | Killed a six-headed hydra
  5033 | D        | Reached skill level 24 in Shields
  5037 | D        | Got a decaying rune of Zot
  5069 | D        | Noticed a merfolk impaler
  5069 | D        | Noticed a merfolk impaler
  5069 | D        | Noticed a merfolk impaler
  5069 | D        | Noticed a merfolk javelineer
  5069 | D        | Noticed a merfolk javelineer
  5069 | D        | Noticed a merfolk
  5070 | D        | Noticed Ilsuiw
  5072 | D        | Noticed a merfolk aquamancer
  5074 | D        | Noticed a merfolk javelineer
  5077 | D        | Killed a merfolk
  5082 | D        | Killed a merfolk javelineer
  5083 | D        | Noticed a merfolk javelineer
  5096 | D        | Killed Ilsuiw
  5101 | D        | Killed a merfolk aquamancer
  5106 | D        | Killed a merfolk javelineer
  5107 | D        | Noticed a merfolk aquamancer
  5111 | D        | Noticed a merfolk avatar
  5113 | D        | Killed a merfolk javelineer
  5114 | D        | Noticed a merfolk impaler
  5120 | D        | Killed a merfolk impaler
  5126 | D        | Killed a merfolk aquamancer
  5138 | D        | Killed a merfolk impaler
  5144 | D        | Killed a merfolk javelineer
  5153 | D        | Killed a merfolk avatar
  5165 | D        | Killed a merfolk impaler
  5176 | D        | Killed a merfolk impaler
  5190 | D        | Got a barnacled rune of Zot
  5219 | D        | Noticed Margery
  5219 | D        | Noticed a hell knight
  5219 | D        | Noticed a hell knight
  5219 | D        | Noticed a hell knight
  5219 | D        | Noticed a necromancer
  5224 | D        | Killed a necromancer
  5225 | D        | Noticed a hell knight
  5226 | D        | Noticed a hell knight
  5233 | D        | Killed a hell knight
  5248 | D        | Killed Margery
  5248 | D        | Reached skill level 25 in Shields
  5257 | D        | Killed a hell knight
  5267 | D        | Killed a hell knight
  5283 | D        | Killed a hell knight
  5292 | D        | Killed a hell knight
  5316 | D        | Noticed Frederick
  5339 | D        | Killed Frederick
  5406 | D        | Noticed a vault guard
  5406 | D        | Noticed a vault guard
  5406 | D        | Noticed a vault guard
  5406 | D        | Noticed a vault guard
  5406 | D        | Noticed a vault guard
  5406 | D        | Noticed a vault guard
  5414 | D        | Noticed a vault guard
  5419 | D        | Killed a vault guard
  5428 | D        | Noticed a vault guard
  5430 | D        | Killed a vault guard
  5432 | D        | Noticed a vault guard
  5438 | D        | Killed a vault guard
  5438 | D        | Received a gift from Okawaru
  5444 | D        | Noticed a vault guard
  5447 | D        | Killed a vault guard
  5447 | D        | Reached XP level 17. HP: 118/128 MP: 25/30
  5455 | D        | Killed a vault guard
  5456 | D        | Noticed a vault guard
  5464 | D        | Noticed a vault guard
  5464 | D        | Killed a vault guard
  5466 | D        | Noticed a vault guard
  5470 | D        | Killed a vault guard
  5484 | D        | Noticed a vault guard
  5484 | D        | Killed a vault guard
  5495 | D        | Killed a vault guard
  5497 | D        | Noticed a vault guard
  5503 | D        | Killed a vault guard
  5514 | D        | Killed a vault guard
  5520 | D        | Killed a vault guard
  5524 | D        | Killed a vault guard
  5524 | D        | Reached skill level 26 in Shields
  5538 | D        | Killed a vault guard
  5539 | D        | Noticed a vault guard
  5546 | D        | Killed a vault guard
  5547 | D        | Noticed a vault guard
  5548 | D        | Noticed a vault guard
  5553 | D        | Killed a vault guard
  5554 | D        | Noticed a vault guard
  5556 | D        | Noticed a vault guard
  5561 | D        | Noticed a vault guard
  5567 | D        | Noticed a vault guard
  5568 | D        | Killed a vault guard
  5569 | D        | Noticed a vault guard
  5576 | D        | Noticed a vault guard
  5578 | D        | Killed a vault guard
  5582 | D        | Killed a vault guard
  5594 | D        | Killed a vault guard
  5607 | D        | Killed a vault guard
  5617 | D        | Killed a vault guard
  5617 | D        | Received a gift from Okawaru
  5624 | D        | Killed a vault guard
  5634 | D        | Killed a vault guard
  5637 | D        | Noticed a vault guard
  5648 | D        | Killed a vault guard
  5665 | D        | Got a twisted cloak {god gift}
  5677 | D        | Identified the +1 cloak "Meastofo" {+Fly MR- rCorr Str-4} (Okawaru gifted it to you in the Dungeon)
  5770 | D        | Noticed a quicksilver dragon
  5770 | D        | Noticed a wolf spider
  5770 | D        | Noticed an orc knight
  5770 | D        | Noticed a sphinx
  5770 | D        | Noticed a flayed ghost
  5770 | D        | Noticed a vault sentinel
  5775 | D        | Killed a vault sentinel
  5776 | D        | Noticed a fire crab
  5778 | D        | Noticed a necromancer
  5781 | D        | Killed a flayed ghost
  5789 | D        | Noticed an ogre mage
  5792 | D        | Killed a sphinx
  5794 | D        | Noticed an ice dragon
  5804 | D        | Killed an orc knight
  5810 | D        | Killed a wolf spider
  5817 | D        | Noticed a vault sentinel
  5821 | D        | Noticed an orc warlord
  5822 | D        | Killed a quicksilver dragon
  5828 | D        | Killed a fire crab
  5831 | D        | Killed a necromancer
  5838 | D        | Noticed a deep elf knight
  5841 | D        | Paralysed by an ogre mage for 7 turns
  5843 | D        | Noticed a shadow dragon
  5849 | D        | Killed an ogre mage
  5853 | D        | Noticed a yaktaur
  5859 | D        | Killed an ice dragon
  5861 | D        | Noticed a shadow dragon
  5870 | D        | Noticed a yaktaur
  5883 | D        | Killed an orc warlord
  5905 | D        | Killed a shadow dragon
  5905 | D        | Reached skill level 27 in Shields
  5909 | D        | Killed a vault sentinel
  5916 | D        | Killed a deep elf knight
  5935 | D        | Killed a shadow dragon
  5940 | D        | Killed a yaktaur
  5947 | D        | Killed a yaktaur
  6041 | D        | Noticed a shadow dragon
  6041 | D        | Noticed a yaktaur
  6041 | D        | Noticed a golden dragon
  6041 | D        | Noticed a titan
  6041 | D        | Noticed a shadow dragon
  6041 | D        | Noticed an ironheart preserver
  6053 | D        | Noticed a deep elf fighter
  6053 | D        | Killed an ironheart preserver
  6055 | D        | Noticed a shadow dragon
  6060 | D        | Noticed a tentacled monstrosity
  6069 | D        | Killed a shadow dragon
  6081 | D        | Killed a titan
  6091 | D        | Killed a golden dragon
  6091 | D        | Reached skill level 27 in Maces & Flails
  6119 | D        | Killed a shadow dragon
  6124 | D        | Killed a yaktaur
  6139 | D        | Killed a tentacled monstrosity
  6161 | D        | Killed a shadow dragon
  6161 | D        | Received a gift from Okawaru
  6164 | D        | Killed a deep elf fighter
  6166 | D        | Got a silver rune of Zot
  6234 | D        | Noticed Mara
  6257 | D        | Noticed ahoge's illusion
  6263 | D        | Killed Mara
  6263 | D        | Reached XP level 18. HP: 138/141 MP: 27/32
  6340 | D        | Got the ring of Leaph {rElec MR+ Str-4 Int+4}
  6342 | D        | Got the ring "Qeahongu" {rF+ rN+ Dex+4}
  6344 | D        | Got the ring of Fariaree {Fire MP+9 Str+4 Int+4 Dex+4}
  6346 | D        | Got the ring of Fun {rC+ Dex+4 Stlth+}
  6348 | D        | Got the ring "Vopluat" {-Tele rPois rN+ Str+3}
  6442 | D        | Noticed Louise
  6442 | D        | Noticed Boris
  6463 | D        | Killed Louise
  6477 | D        | Killed Boris
  6552 | D        | Noticed a centaur
  6552 | D        | Noticed an orc knight
  6552 | D        | Noticed a shadow
  6552 | D        | Noticed an orc warrior
  6552 | D        | Noticed a centaur
  6552 | D        | Noticed a slime creature
  6559 | D        | Killed a slime creature
  6560 | D        | Noticed a gargoyle
  6561 | D        | Killed a centaur
  6562 | D        | Killed an orc warrior
  6563 | D        | Noticed a cyclops
  6566 | D        | Killed a shadow
  6583 | D        | Killed an orc knight
  6587 | D        | Killed a centaur
  6598 | D        | Killed a gargoyle
  6607 | D        | Killed a cyclops
  6621 | D        | Killed an unseen horror
  6633 | D        | Noticed a golden dragon
  6633 | D        | Noticed an ice dragon
  6633 | D        | Noticed a bone dragon
  6633 | D        | Noticed a bone dragon
  6633 | D        | Noticed an ice dragon
  6633 | D        | Noticed an ice dragon
  6634 | D        | Noticed an ice dragon
  6645 | D        | Killed an ice dragon
  6646 | D        | Noticed a yellow draconian
  6680 | D        | Killed a bone dragon
  6718 | D        | Killed a bone dragon
  6719 | D        | Noticed a storm dragon
  6722 | D        | Noticed a purple draconian
  6729 | D        | Killed an ice dragon
  6747 | D        | Noticed a yellow draconian
  6749 | D        | Killed a golden dragon
  6749 | D        | Received a gift from Okawaru
  6749 | D        | Reached skill level 15 in Armour
  6750 | D        | Noticed a white draconian
  6764 | D        | Killed an ice dragon
  6779 | D        | Killed an ice dragon
  6793 | D        | Killed a yellow draconian
  6810 | D        | Killed a storm dragon
  6822 | D        | Killed a purple draconian
  6833 | D        | Killed a yellow draconian
  6845 | D        | Killed a white draconian
  6884 | D        | Got an ichor-stained demon whip {god gift}
  6885 | D        | Identified the +1 demon whip "Ucvets" {freeze, +Blink rF+ rN+} (Okawaru gifted it to you in the Dungeon)
  6904 | D        | Noticed a purple draconian scorcher
  6904 | D        | Noticed a black draconian
  6904 | D        | Noticed a tentacled monstrosity
  6904 | D        | Noticed a storm dragon
  6904 | D        | Noticed a white draconian
  6904 | D        | Noticed a moth of wrath
  6909 | D        | Killed a moth of wrath
  6910 | D        | Noticed a red draconian
  6920 | D        | Killed a white draconian
  6920 | D        | Reached skill level 27 in Fighting
  6928 | D        | Killed a tentacled monstrosity
  6940 | D        | Killed a storm dragon
  6957 | D        | Killed a black draconian
  6963 | D        | Killed a purple draconian scorcher
  6976 | D        | Killed a red draconian
  6993 | D        | Noticed a moth of wrath
  6993 | D        | Noticed a red draconian
  6993 | D        | Noticed an ice dragon
  6993 | D        | Noticed a red draconian
  6993 | D        | Noticed a white draconian
  6993 | D        | Noticed an ice dragon
  6994 | D        | Noticed a shadow dragon
  7002 | D        | Killed an ice dragon
  7011 | D        | Killed a white draconian
  7012 | D        | Noticed a white draconian
  7021 | D        | Killed a red draconian
  7028 | D        | Killed an ice dragon
  7044 | D        | Killed a red draconian
  7078 | D        | Killed a shadow dragon
  7080 | D        | Killed a moth of wrath
  7092 | D        | Killed a white draconian
  7117 | D        | Noticed a yellow draconian
  7117 | D        | Noticed a black draconian
  7117 | D        | Noticed a moth of wrath
  7117 | D        | Noticed a mottled draconian
  7117 | D        | Noticed a storm dragon
  7117 | D        | Noticed a green draconian
  7123 | D        | Noticed an ice dragon
  7131 | D        | Killed a green draconian
  7133 | D        | Noticed a storm dragon
  7145 | D        | Killed a storm dragon
  7163 | D        | Killed a mottled draconian
  7167 | D        | Killed a moth of wrath
  7177 | D        | Killed a black draconian
  7185 | D        | Killed a yellow draconian
  7199 | D        | Killed a storm dragon
  7216 | D        | Killed an ice dragon
  7238 | D        | Noticed a white draconian
  7238 | D        | Noticed an ice dragon
  7238 | D        | Noticed a white draconian
  7238 | D        | Noticed a black draconian zealot
  7238 | D        | Noticed a moth of wrath
  7238 | D        | Noticed a green draconian
  7256 | D        | Killed a green draconian
  7263 | D        | Noticed a moth of wrath
  7271 | D        | Noticed a storm dragon
  7277 | D        | Killed a moth of wrath
  7286 | D        | Noticed an ice dragon
  7290 | D        | Killed a black draconian zealot
  7307 | D        | Killed a white draconian
  7307 | D        | Reached XP level 19. HP: 151/151 MP: 35/35
  7316 | D        | Killed an ice dragon
  7334 | D        | Killed a white draconian
  7342 | D        | Killed a moth of wrath
  7354 | D        | Killed a storm dragon
  7374 | D        | Killed an ice dragon
  7479 | D        | Noticed an Orb Guardian
  7479 | D        | Noticed an Orb Guardian
  7479 | D        | Noticed an Orb Guardian
  7479 | D        | Noticed an Orb Guardian
  7479 | D        | Noticed an Orb Guardian
  7479 | D        | Noticed an Orb Guardian
  7490 | D        | Killed an Orb Guardian
  7491 | D        | Noticed an Orb Guardian
  7504 | D        | Killed an Orb Guardian
  7504 | D        | Received a gift from Okawaru
  7505 | D        | Noticed an Orb Guardian
  7512 | D        | Killed an Orb Guardian
  7512 | D        | Reached skill level 27 in Invocations
  7513 | D        | Noticed an Orb Guardian
  7527 | D        | Killed an Orb Guardian
  7528 | D        | Noticed an Orb Guardian
  7543 | D        | Killed an Orb Guardian
  7552 | D        | Killed an Orb Guardian
  7558 | D        | Killed an Orb Guardian
  7574 | D        | Killed an Orb Guardian
  7583 | D        | Killed an Orb Guardian
  7601 | D        | Killed an Orb Guardian
  7620 | D        | Noticed a black draconian
  7620 | D        | Noticed a fire dragon
  7620 | D        | Noticed an Orb Guardian
  7620 | D        | Noticed an Orb Guardian
  7620 | D        | Noticed a moth of wrath
  7620 | D        | Noticed a curse toe
  7641 | D        | Noticed an Orb Guardian
  7647 | D        | Killed a curse toe
  7651 | D        | Noticed an Orb Guardian
  7657 | D        | Killed an Orb Guardian
  7662 | D        | Killed an Orb Guardian
  7662 | D        | Received a gift from Okawaru
  7664 | D        | Killed a moth of wrath
  7667 | D        | Killed a fire dragon
  7668 | D        | Killed a black draconian
  7676 | D        | Killed an Orb Guardian
  7686 | D        | Killed an Orb Guardian
  7686 | D        | Reached skill level 27 in Armour
  7697 | D        | Got a polished shield {god gift}
  7708 | D        | Identified the -5 shield "Gorphut" {rElec Stlth+} (Okawaru gifted it to you in the Dungeon)
  7728 | D        | Noticed an ancient lich
  7737 | D        | Killed an ancient lich
  7742 | D        | Noticed an orb of fire
  7795 | D        | Killed an orb of fire
  7795 | D        | Reached skill level 5 in Spellcasting
  7795 | D        | Reached skill level 5 in Evocations
  7858 | D        | Noticed an electric golem
  7880 | D        | Killed an electric golem
  7886 | D        | Noticed a moth of wrath
  7886 | D        | Noticed a Killer Klown
  7886 | D        | Noticed a tentacled monstrosity
  7886 | D        | Noticed a moth of wrath
  7886 | D        | Noticed a green draconian monk
  7886 | D        | Noticed a shadow dragon
  7887 | D        | Noticed an orb of fire
  7911 | D        | Killed a shadow dragon
  7912 | D        | Noticed a moth of wrath
  7923 | D        | Killed a tentacled monstrosity
  7924 | D        | Noticed an electric golem
  7924 | D        | Gained mutation: You are weak. (Str -2) [an orb of fire]
  7953 | D        | Noticed a golden dragon
  7962 | D        | Killed an orb of fire
  7962 | D        | Reached XP level 20. HP: 132/157 MP: 37/37
  7969 | D        | Killed a Killer Klown
  7977 | D        | Noticed an ancient lich
  7982 | D        | Killed a green draconian monk
  7987 | D        | Killed a moth of wrath
  7988 | D        | Noticed a death cob
  7992 | D        | Killed a moth of wrath
  7995 | D        | Killed a moth of wrath
  8008 | D        | Killed an electric golem
  8008 | D        | Reached skill level 10 in Stealth
  8016 | D        | Noticed a moth of wrath
  8026 | D        | Killed a golden dragon
  8042 | D        | Killed an ancient lich
  8045 | D        | Noticed an ancient lich
  8048 | D        | Killed a death cob
  8054 | D        | Killed a moth of wrath
  8068 | D        | Killed an ancient lich
  8139 | D        | Noticed an Orb Guardian
  8139 | D        | Noticed an Orb Guardian
  8139 | D        | Noticed an Orb Guardian
  8139 | D        | Noticed an Orb Guardian
  8139 | D        | Noticed an Orb Guardian
  8150 | D        | Killed an Orb Guardian
  8150 | D        | Received a gift from Okawaru
  8157 | D        | Got a steaming hat {god gift}
  8165 | D        | Killed an Orb Guardian
  8166 | D        | Noticed a moth of wrath
  8182 | D        | Killed an Orb Guardian
  8202 | D        | Killed an Orb Guardian
  8203 | D        | Noticed an Orb Guardian
  8216 | D        | Killed an Orb Guardian
  8217 | D        | Noticed an Orb Guardian
  8225 | D        | Killed an Orb Guardian
  8229 | D        | Killed a moth of wrath
  8239 | D        | Killed an Orb Guardian
  8240 | D        | Noticed an Orb Guardian
  8241 | D        | Noticed an Orb Guardian
  8242 | D        | Noticed an Orb Guardian
  8247 | D        | Killed an Orb Guardian
  8261 | D        | Killed an Orb Guardian
  8272 | D        | Killed an Orb Guardian
  8285 | D        | Identified the +2 hat of Paidieh {rN+} (Okawaru gifted it to you in the Dungeon)
  8310 | D        | Lost mutation: You are mostly covered in slimy green scales (AC +3). [potion of mutation]
  8312 | D        | Noticed a moth of wrath
  8326 | D        | Killed a moth of wrath
  8326 | D        | Reached skill level 27 in Dodging
  8333 | D        | Noticed an Orb Guardian
  8345 | D        | Killed an Orb Guardian
  8348 | D        | Got the Orb of Zot
  8432 | D        | Noticed a lich
  8432 | D        | Noticed a vampire knight
  8432 | D        | Noticed a vampire knight
  8432 | D        | Noticed a vampire knight
  8432 | D        | Noticed a vampire knight
  8432 | D        | Noticed a vampire knight
  8434 | D        | Noticed a lich
  8443 | D        | Killed a vampire knight
  8450 | D        | Noticed a vampire knight
  8450 | D        | Killed a vampire knight
  8456 | D        | Noticed a vampire knight
  8463 | D        | Killed a vampire knight
  8464 | D        | Noticed a lich
  8465 | D        | Noticed a lich
  8473 | D        | Killed a lich
  8473 | D        | Reached skill level 10 in Throwing
  8478 | D        | Killed a vampire knight
  8485 | D        | Killed a lich
  8485 | D        | Reached skill level 10 in Unarmed Combat
  8500 | D        | Killed a lich
  8514 | D        | Killed a lich
  8514 | D        | Reached skill level 10 in Spellcasting
  8514 | D        | Reached skill level 10 in Evocations
  8518 | D        | Paralysed by something for 4 turns
  8530 | D        | Killed a vampire knight
  8551 | D        | Killed a vampire knight
  8567 | D        | Killed a vampire knight
  8677 | D        | Noticed a spriggan baker
  8677 | D        | Noticed a spriggan baker
  8677 | D        | Noticed a spriggan baker
  8677 | D        | Noticed a spriggan baker
  8677 | D        | Noticed a spriggan baker
  8677 | D        | Noticed a spriggan baker
  8678 | D        | Killed a spriggan baker
  8679 | D        | Noticed a spriggan baker
  8685 | D        | Noticed a spriggan baker
  8691 | D        | Killed a spriggan baker
  8692 | D        | Noticed a spriggan baker
  8696 | D        | Killed a spriggan baker
  8697 | D        | Noticed a spriggan baker
  8699 | D        | Killed a spriggan baker
  8700 | D        | Killed a spriggan baker
  8703 | D        | Killed a spriggan baker
  8704 | D        | Noticed a spriggan baker
  8705 | D        | Killed a spriggan baker
  8707 | D        | Killed a spriggan baker
  8711 | D        | Killed a spriggan baker
  8716 | D        | Killed a spriggan baker
  8719 | D        | Killed a spriggan baker
  8759 | D        | Noticed a deep elf high priest
  8759 | D        | Noticed a deep elf sorcerer
  8759 | D        | Noticed a deep elf death mage
  8759 | D        | Noticed a deep elf death mage
  8759 | D        | Noticed a deep elf high priest
  8759 | D        | Noticed a deep elf blademaster
  8760 | D        | Noticed a deep elf blademaster
  8783 | D        | Killed a deep elf blademaster
  8783 | D        | Received a gift from Okawaru
  8791 | D        | Killed a deep elf death mage
  8801 | D        | Killed a deep elf blademaster
  8801 | D        | Reached XP level 21. HP: 156/163 MP: 38/38
  8802 | D        | Noticed a deep elf master archer
  8806 | D        | Noticed a deep elf annihilator
  8819 | D        | Killed a deep elf death mage
  8820 | D        | Noticed a deep elf sorcerer
  8822 | D        | Killed a deep elf sorcerer
  8831 | D        | Killed a deep elf master archer
  8831 | D        | Reached skill level 15 in Stealth
  8832 | D        | Noticed a deep elf annihilator
  8846 | D        | Noticed a deep elf annihilator
  8851 | D        | Killed a deep elf high priest
  8852 | D        | Noticed a deep elf death mage
  8858 | D        | Killed a deep elf sorcerer
  8859 | D        | Noticed a deep elf sorcerer
  8863 | D        | Killed a deep elf high priest
  8870 | D        | Killed a deep elf annihilator
  8888 | D        | Killed a deep elf death mage
  8897 | D        | Killed a ghostly deep elf death mage
  8906 | D        | Killed a deep elf annihilator
  8909 | D        | Killed a deep elf sorcerer
  8936 | D        | Killed a deep elf annihilator
  8943 | D        | Got an elven rune of Zot
  8981 | D        | Noticed an acid blob
  8981 | D        | Noticed an azure jelly
  8981 | D        | Noticed an acid blob
  8981 | D        | Noticed an acid blob
  8981 | D        | Noticed an acid blob
  8996 | D        | Killed an acid blob
  9004 | D        | Killed an acid blob
  9015 | D        | Killed an acid blob
  9020 | D        | Paralysed by a giant eyeball for 2 turns
  9030 | D        | Killed an acid blob
  9034 | D        | Paralysed by a giant eyeball for 2 turns
  9165 | D        | Killed an azure jelly
  9288 | D        | Paralysed by a giant eyeball for 4 turns
  9333 | D        | Reached skill level 15 in Throwing
  9343 | D        | Noticed an eye of draining
  9344 | D        | Noticed a death ooze
  9345 | D        | Noticed an azure jelly
  9346 | D        | Noticed the royal jelly
  9347 | D        | Noticed an acid blob
  9348 | D        | Noticed an azure jelly
  9362 | D        | Killed an azure jelly
  9381 | D        | Killed an acid blob
  9381 | D        | Reached skill level 15 in Unarmed Combat
  9395 | D        | Killed an azure jelly
  9397 | D        | Killed an eye of draining
  9402 | D        | Killed a death ooze
  9520 | D        | HP: 5/163 [acid[the royal jelly] (6)]
  9520 | D        | Killed from afar by an acid blob

Action                   |  1- 3 |  4- 6 |  7- 9 | 10-12 | 13-15 | 16-18 | 19-21 || total
-------------------------+-------+-------+-------+-------+-------+-------+-------++-------
Melee: Flail             |    39 |       |       |       |       |       |       ||    39
       Morningstar       |     8 |       |    69 |   237 |       |       |       ||   314
       Mace              |       |       |       |   136 |   845 |  1165 |       ||  2146
       Demon whip        |       |       |       |       |       |   319 |  1152 ||  1471
Invok: Heroism           |       |       |     3 |    11 |    10 |    14 |    11 ||    49
       Finesse           |       |       |     2 |    10 |    11 |    13 |    11 ||    47
  Use: Potion            |       |       |     1 |     1 |     9 |       |     6 ||    17
       Scroll            |       |       |       |       |       |     6 |     2 ||     8
 Stab: Distracted        |       |       |       |     1 |       |       |       ||     1
  Eat: Chunk             |       |       |       |     7 |    11 |    17 |    11 ||    46
       Bread ration      |       |       |       |       |     1 |     1 |     1 ||     3
